 Dungeon Crawl Stone Soup version 0.29-a0-266-gf56f883ddd (webtiles) character file.

Game seed: 14577103000526735229

41 Ordine the Slasher (level 3, -1/22 HPs)
             Began as a Tengu Warper on Mar 5, 2022.
             Slain by an orc
             ... wielding a +0 mace
              (5 damage)
             ... on level 2 of the Dungeon.
             The game lasted 00:02:24 (1201 turns).

Ordine the Slasher (Tengu Warper)                   Turns: 1201, Time: 00:02:24

Health: -1/22      AC:  5    Str: 11    XL:     3   Next: 52%
Magic:  7/7        EV: 10    Int: 13    God:
Gold:   45         SH:  0    Dex: 15    Spells: 6/6 levels left

rFire   + . .      SeeInvis .   a - +0 falchion
rCold   . . .      Faith    .   (no shield)
rNeg    . . .      Spirit   .   i - +0 ring mail {rF+}
rPois   .          Reflect  .   (helmet restricted)
rElec   .          Harm     .   (no cloak)
rCorr   .          Rampage  .   (no gloves)
Will    .....                   (boots unavailable)
Stlth   +.........              (no amulet)
HPRegen 0.07/turn               (no ring)
MPRegen 0.10/turn               (no ring)

@: no status effects
A: beak, talons 3
a: no special abilities


You were on level 2 of the Dungeon.
You visited 1 branch of the dungeon, and saw 2 of its levels.

You collected 45 gold pieces.

Inventory:

Hand Weapons
 a - a +0 falchion (weapon)
Missiles
 d - 7 boomerangs of dispersal
Armour
 i - a +0 ring mail of fire resistance (worn)
Scrolls
 b - a scroll of holy word {unknown}
 c - a scroll of blinking
 g - 3 scrolls of teleportation {unknown}
 j - a scroll of fear {unknown}
 k - a scroll of identify {unknown}
Potions
 e - a potion of flight {unknown}
 f - a potion of lignification {unknown}
 h - 3 potions of degeneration {unknown}
 l - a potion of might {unknown}


   Skills:
 + Level 2.5 Fighting
 * Level 3.3 Long Blades
 + Level 1.7 Throwing
 - Level 1.1 Armour
 - Level 2.1 Dodging
 - Level 2.0 Spellcasting
 - Level 2.4 Translocations


You had 6 spell levels left.
You didn't know any spells.
Your spell library contained the following spells:

 Spells                   Type           Power      Damage    Failure   Level
 Blink                    Tloc           14%        N/A       34%         2
 Slow                     Hex            4%         N/A       52%         1
 Gell's Gravitas          Tloc           7%         N/A       56%         3
 Lesser Beckoning         Tloc           7%         N/A       56%         3
 Teleport Other           Tloc           7%         N/A       56%         3
 Confusing Touch          Hex            1%         N/A       87%         3
 Vampiric Draining        Necr           1%         2d6       87%         3
 Manifold Assault         Tloc           7%         N/A       99%         5


Dungeon Overview and Level Annotations

Branches:
Dungeon (2/15)

Altars:


Innate Abilities, Weirdness & Mutations

You have a beak for a mouth.
You have claws for feet.


Message History

The orc is heavily wounded.
The orc hits you with a +0 mace.
You are too injured to fight recklessly!
You hit the orc. You claw the orc.
The orc is severely wounded.
The orc hits you with a +0 whip.
You hit the orc.
You kill the orc!
You hit the orc. Your kick misses the orc.
The orc is lightly wounded.
The orc closely misses you.
You barely miss the orc. You peck the orc, but do no damage.
The orc is lightly wounded.
The orc closely misses you.
You barely miss the orc. You claw the orc.
The orc is heavily wounded.
The orc misses you.
You closely miss the orc. Your kick misses the orc. Your peck misses the orc.
The orc is heavily wounded.
The orc hits you with a +0 mace.
You closely miss the orc. Your peck misses the orc.
The orc is heavily wounded.
The orc misses you.
You barely miss the orc.
The orc is heavily wounded.
The orc hits you with a +0 mace.
* * * LOW HITPOINT WARNING * * *
The orc closely misses you. The orc attacks as you move away!
The orc barely misses you. The orc attacks as you move away!
The orc hits you but does no damage. The orc attacks as you move away!
The orc hits you but does no damage.
You see here an adder corpse.
The orc attacks as you move away! The orc closely misses you.
The orc attacks as you move away! The orc misses you.
The orc attacks as you move away! The orc closely misses you.
The orc attacks as you move away! The orc hits you but does no damage.
The orc attacks as you move away! The orc hits you but does no damage.
The orc attacks as you move away! The orc misses you.
The orc attacks as you move away! The orc hits you with a +0 mace.
You die...

...............
.######..#####. ###
#..#####.# ..#
####..#.<...# #.#
#.......##### #.#
#.##..### #.#
#.###.##### ##.#####
#.......# .g.....#
#####@### ##)###.#
#o# #o# #.# ####.#
#.###.# #....#
#...#.# #.####
##.#.#.# #.##.##
#...g#.######.#...###
.......o.o†.o........
.......######.#...###


You could see an orc.

Vanquished Creatures
  An adder (D:2)
  2 orcs (D:2)
  An endoplasm (D:1)
  A goblin (D:1)
  4 hobgoblins (D:1)
  3 kobolds (D:1)
  3 quokkas (D:1)
  2 ball pythons (D:1)
  4 bats (D:1)
  5 frilled lizards (D:1)
  3 rats (D:1)
29 creatures vanquished.

Notes
Turn   | Place    | Note
-------+----------+-------------------------------------------
     0 | D:1      | Ordine the Tengu Warper began the quest for the Orb.
     0 | D:1      | Reached XP level 1. HP: 12/12 MP: 4/4
   248 | D:1      | Reached XP level 2. HP: 14/17 MP: 6/6
   608 | D:1      | Reached skill level 3 in Long Blades
   872 | D:1      | Reached XP level 3. HP: 22/22 MP: 7/7
  1201 | D:2      | Slain by an orc

Illustrated notes

Levels and vault maps discovered:
D:1:      dpeg_arrival_shelter, layout_loops_ring, minmay_lizard_pond
D:2:      cheibrodos_pilgrimage, layout_loops_corners,
          chequers_ecumenical_altar_lobes, minmay_cupped

Skill      XL: |  1  2 |
---------------+-------+-----
Long Blades    | 3 |  3.3
Fighting       | |  2.5
Throwing       | |  1.7
Armour         | |  1.1
Dodging        | |  2.1
Spellcasting   | |  2.0
Translocations | |  2.4

Action                   || total
-------------------------++-------
Melee: Falchion          ||    75
       Peck              ||     7
       Kick              ||    13
       Punch             ||     1
Armor: Leather armour    ||     7
       Ring mail         ||    12
Dodge: Dodged            ||    53

Table legend: (Time is in decaauts)
 A = Elapsed time spent in this place.
 B = Non-inter-level travel time spent in this place.
 C = Inter-level travel time spent in this place.
 D = Time resting spent in this place.
 E = Time spent auto-exploring this place.
 F = Levels seen in this place.
 G = Mean time per level.
                   A        B        C        D        E       F      G
               +--------+--------+--------+--------+--------+-----+--------+
         Total |   1213 |   1208 |      5 |      0 |    993 |   2 |  606.5 |
       Dungeon |   1213 |   1208 |      5 |      0 |    993 |   2 |  606.5 |
               +--------+--------+--------+--------+--------+-----+--------+

Top non-repeatable levels by time:
     D:1: 1045 daAuts
     D:2: 167 daAuts
